 Dungeon Crawl Stone Soup version 0.24.0-123-gd5b16e6ec5 (webtiles) character file.

Game seed: 14913129527669526926, levelgen mode: deterministic

8136 manon the Carver (level 11, -9/75 HPs)
             Began as a Demonspawn Chaos Knight on Jan 12, 2020.
             Was a Plaything of Xom.
             Mangled by a komodo dragon (20 damage)
             ... on level 2 of the Lair of Beasts.
             The game lasted 00:44:41 (8493 turns).

manon the Carver (Demonspawn Chaos Knight)          Turns: 8493, Time: 00:44:42

Health: -9/75      AC: 14    Str: 14    XL:     11   Next: 5%
Magic:  13/13      EV: 16    Int: 16    God:    Xom [*.....]
Gold:   368        SH:  4    Dex: 17    Spells: 10/10 levels left

rFire    + . .     SeeInvis .   b - +3 falchion
rCold    . . .     Gourm    .   (no shield)
rNeg     . . .     Faith    .   n - quicksilver dragon scales
rPois    +         Spirit   .   (helmet restricted)
rElec    .         Reflect  .   P - +0 cloak
rCorr    .         Harm     .   m - +1 pair of gloves {archery}
MR       +....     Clarity  +   C - +0 pair of boots
Stlth    +.........             (no amulet)
HPRegen  0.62/turn              i - ring of poison resistance
MPRegen  0.13/turn              H - +3 ring of intelligence

@: about to teleport
A: claws 1, horns 2, large bone plates 1, clarity, fire resistance 1, powered by
death 2, regeneration 1, shaggy fur 1, spiny 1, strong 1, wild magic 1
a: Renounce Religion


You were on level 2 of the Lair of Beasts.
You worshipped Xom.
You were a special plaything of Xom.
You were not hungry.

You visited 2 branches of the dungeon, and saw 12 of its levels.

You collected 500 gold pieces.
You spent 132 gold pieces at shops.

Inventory:

Hand Weapons
 a - a +0 falchion of chaos
 b - a +3 falchion (weapon)
 t - a +0 shortbow
 D - a +0 hand crossbow
 K - a +2 whip of electrocution
 Q - a +0 great sword
Missiles
 h - 7 silver javelins (quivered)
 o - 11 boomerangs
 r - 225 arrows
 s - 99 bolts
 A - 114 sling bullets
 I - 46 poisoned darts
Armour
 k - the +1 robe "Xeamuck" {MR+ Int-5 SInv}
   (Xom gifted it to you on level 1 of the Dungeon)

   It affects your intelligence (-5).
   It affects your resistance to hostile enchantments.
   It lets you see invisible.
 m - a +1 pair of gloves of archery (worn)
 n - quicksilver dragon scales (worn)
 p - a +2 leather armour
 C - a +0 pair of boots (worn)
 P - a +0 cloak (worn)
 R - a +1 helmet of see invisible
Jewellery
 i - a ring of poison resistance (left hand)
 q - an uncursed amulet of harm
 x - an uncursed ring of ice
 G - an uncursed ring of magical power
 H - a +3 ring of intelligence (right hand)
 N - a +2 ring of intelligence
Wands
 u - a wand of flame (24)
 O - a wand of paralysis (7)
Scrolls
 d - 8 scrolls of remove curse
 e - 6 scrolls of teleportation
 f - 7 scrolls of amnesia
 g - 2 scrolls of immolation {unknown}
 l - 2 scrolls of blinking {unknown}
 w - 2 scrolls of enchant armour {unknown}
 y - a scroll of fear {unknown}
 E - 2 scrolls of vulnerability {unknown}
 F - 5 scrolls of magic mapping {unknown}
 L - a scroll of random uselessness {unknown}
Potions
 j - a potion of degeneration {unknown}
 v - 4 potions of cancellation {unknown}
 z - a potion of flight {unknown}
 B - a potion of mutation {unknown}
 J - 3 potions of magic {unknown}
 M - 5 potions of curing {unknown}
Comestibles
 c - 9 rations


   Skills:
 - Level 3.0 Fighting
 * Level 12.5 Long Blades
 - Level 1.7 Armour
 - Level 9.0 Dodging
 + Level 3.3 Evocations


You had 10 spell levels left.
You didn't know any spells.
Your spell library contained the following spells:

 Spells                   Type           Power        Failure   Level  Hunger
 Confusing Touch          Hex            #.....       54%         1    ##.....
 Freeze                   Ice            #...         54%         1    ##.....
 Summon Small Mammal      Summ           #...         54%         1    ##.....
 Call Imp                 Summ           #.......     67%         2    ###....
 Throw Frost              Conj/Ice       #.....       67%         2    ###....
 Call Canine Familiar     Summ           #.......     88%         3    ####...
 Confuse                  Hex            #.......     88%         3    ####...
 Gell's Gravitas          Tloc           #.........   88%         3    ####...
 Ozocubu's Armour         Chrm/Ice       #.......     88%         3    ####...
 Summon Guardian Golem    Hex/Summ       #.......     88%         3    ####...
 Petrify                  Tmut/Erth      #.......     99%         4    #####..
 Summon Ice Beast         Ice/Summ       #.......     99%         4    #####..
 Summon Lightning Spire   Summ/Air       #.......     99%         4    #####..
 Throw Icicle             Conj/Ice       #.......     99%         4    #####..
 Metabolic Englaciation   Hex/Ice        #.........   100%        5    ######.
 Yara's Violent Unravell  Hex/Tmut       #.........   100%        5    ######.


Dungeon Overview and Level Annotations

Branches:
Dungeon (10/15)            Temple (0/1) D:5            Lair (2/6) D:10
    Orc (0/2) D:9
  Swamp: Lair:2-4    Shoals: Lair:2-4     Snake: Lair:2-4    Spider: Lair:2-4

Altars:
Ashenzari
Cheibriados
Fedhas
Hepliaklqana
Makhleb
Nemelex Xobeh
Okawaru
Ru
Trog
Vehumet
Xom
Yredelemnul
The Shining One

Shops:
D:9 (   D:10 [[


Innate Abilities, Weirdness & Mutations

You have a pair of horns on your head.
You are partially covered in large bone plates. (SH +4)
You regenerate health from kills.
You are partially covered in sharp spines.
You have sharp fingernails.
You possess an exceptional clarity of mind.
Your flesh is heat resistant. (rF+)
Your natural rate of healing is unusually fast.
You are covered in fur. (AC +1)
Your muscles are strong. (Str +2)
Your spells are a little harder to cast, but a little more powerful.


Message History

The komodo dragon is struck by your spines.
The komodo dragon bites you!
An electric eel comes into view.
You block the crocodile's attack.
Xom guffaws.
A chill wind blows around you.
Your ice beast hits the crocodile but does no damage.
You hit the komodo dragon. You headbutt the komodo dragon.
The komodo dragon is moderately wounded.
The komodo dragon bites you!
You hit the komodo dragon.
The komodo dragon is moderately wounded.
You closely miss the komodo dragon. You headbutt the komodo dragon.
The komodo dragon is heavily wounded.
The komodo dragon bites you!!
* * * LOW HITPOINT WARNING * * *
Your ice beast hits the crocodile but does no damage.
As you read the scroll of teleportation, it crumbles to dust.
You feel strangely unstable. The komodo dragon bites you!!
You die...

##...≈≈≈≈.........#
#.#...≈≈≈........##
#.♣.†..÷..."....##
#♣.♣......#.P....#
##................#
#.#............#..# ###
###..#............##
#.###.#..#.##.#.....#..#
.........#.#####@t.....#
...[.......# ##l..#..#
.........P.P# #.Y...##
.........#.## ##.....#
.........#.# #....#.#
.........#.# #....#.#
.........# #P...#..
......>..# ..>......#.
.l#P.#+(#...#♣


You could see a komodo dragon, a crocodile and a friendly ice beast.

Vanquished Creatures
  A two-headed ogre (D:8)
  An unseen horror (D:9)
  Pikel (D:8)
  A spiny frog (Lair:1)
  2 rime drakes
  A komodo dragon (Lair:1)
  A troll (D:10)
  A hippogriff (Lair:1)
  A wraith (D:10)
  A wyvern (Lair:1)
  Edmund (D:4)
  2 porcupines
  2 water moccasins
  A sky beast (D:8)
  An ice beast (D:9)
  An orc warrior (D:9)
  4 ogres
  2 phantoms
  A necrophage (D:9)
  8 centaurs
  5 crocodiles
  2 big kobolds
  6 bullfrogs
  3 scorpions
  4 wights (D:8)
  3 howler monkeys
  A jelly (D:7)
  4 crimson imps
  A centaur zombie (D:7)
  2 bullfrog zombies
  2 centaur skeletons
  A hound (D:8)
  A gnoll shaman (D:8)
  4 orc priests
  2 bullfrog skeletons
  3 iguanas
  9 orc wizards
  3 worker ants
  2 hound zombies
  2 hound skeletons
  8 gnolls
  A howler monkey skeleton (D:4)
  13 adders
  3 shadow imps
  An ooze (D:7)
  5 worms
  A dart slug (D:1)
  10 leopard geckos
  44 orcs
  2 bats
  7 giant cockroaches
  8 goblins
  10 hobgoblins
  6 jackals
  20 kobolds
  6 quokkas
  3 frilled lizards
  A quokka skeleton (D:7)
  5 rats
248 creatures vanquished.

Vanquished Creatures (collateral kills)
  An ogre (D:6)
  A worm (D:2)
  An orc (D:3)
3 creatures vanquished.

Vanquished Creatures (others)
  2 orc priests
  An adder zombie (D:8)
  2 orcs
  A plant (Lair:1)
6 creatures vanquished.

Grand Total: 257 creatures vanquished

Notes
Turn   | Place    | Note
-------+----------+-------------------------------------------
     0 | D:1      | manon the Demonspawn Chaos Knight began the quest for the
                  | Orb.
     0 | D:1      | Reached XP level 1. HP: 18/18 MP: 1/1
    13 | D:1      | XOM: divination: detect creatures
    27 | D:1      | XOM: summons 3 hostile shadow creatures
    77 | D:1      | Reached skill level 1 in Dodging
   166 | D:1      | Reached skill level 3 in Long Blades
   168 | D:1      | Gained mutation: You have a pair of small horns on your
                  | head. [demonic ancestry]
   168 | D:1      | Reached XP level 2. HP: 9/24 MP: 2/2
   575 | D:1      | XOM: god gift: ancient robe {god gift}
   576 | D:1      | Got an ancient robe {god gift}
   585 | D:1      | XOM: give mutations
   585 | D:1      | Gained mutation: You possess an exceptional clarity of
                  | mind. [Xom's grace]
   585 | D:1      | Gained mutation: You have supernaturally acute eyesight.
                  | (SInv) [Xom's grace]
   585 | D:1      | Gained mutation: Your flesh is heat resistant. (rF+) [Xom's
                  | grace]
   585 | D:1      | Gained mutation: You evolve. [Xom's grace]
   587 | D:1      | Identified the +1 robe "Xeamuck" {MR+ Int-5 SInv} (Xom
                  | gifted it to you on level 1 of the Dungeon)
   822 | D:1      | Gained mutation: You regenerate a little health from kills.
                  | [demonic ancestry]
   822 | D:1      | Reached XP level 3. HP: 21/29 MP: 3/3
   868 | D:1      | XOM: god gift: pair of embroidered gloves {god gift}
   950 | D:2      | Found a glowing golden altar of the Shining One.
  1054 | D:2      | XOM: summons friendly ufetubus
  1247 | D:2      | Found a faded altar of an unknown god.
  1266 | D:2      | XOM: give mutations
  1266 | D:2      | Gained mutation: Your spells are a little harder to cast,
                  | but a little more powerful. [Xom's grace]
  1266 | D:2      | Gained mutation: Your natural rate of healing is unusually
                  | fast. [Xom's grace]
  1266 | D:2      | Gained mutation: Your muscles are strong. (Str +2) [Xom's
                  | grace]
  1300 | D:2      | XOM: 1-stop teleportation journey
  1327 | D:2      | Found a radiant altar of Vehumet.
  1330 | D:2      | Found a snail-covered altar of Cheibriados.
  1333 | D:2      | Found a bloodstained altar of Trog.
  1494 | D:2      | XOM: torment (16/29 hp)
  1511 | D:2      | Reached skill level 4 in Long Blades
  1575 | D:2      | XOM: give mutation
  1575 | D:2      | Gained mutation: You have a pair of horns on your head.
                  | [Xom's grace]
  1626 | D:2      | XOM: mild Air miscast
  1630 | D:2      | Gained mutation: You are partially covered in sharp spines.
                  | [demonic ancestry]
  1630 | D:2      | Reached XP level 4. HP: 35/35 MP: 4/4
  1653 | D:2      | Found a bloodstained altar of Trog.
  1706 | D:2      | XOM: cleaving
  1785 | D:3      | Noticed a centaur
  1892 | D:3      | XOM: summons 4 friendly demons
  1909 | D:3      | XOM: harmless Tloc miscast
  2055 | D:3      | XOM: potion effect (curing)
  2057 | D:3      | Killed a centaur
  2057 | D:3      | Reached skill level 5 in Long Blades
  2057 | D:3      | Gained mutation: You regenerate health from kills. [demonic
                  | ancestry]
  2057 | D:3      | Reached XP level 5. HP: 37/41 MP: 5/5
  2444 | D:3      | XOM: divination: detect creatures
  2500 | D:4      | XOM: harmless Air miscast
  2505 | D:4      | Reached XP level 6. HP: 47/47 MP: 6/6
  2533 | D:4      | Gained mutation: You are covered in fur. (AC +1)
                  | [evolution]
  2538 | D:4      | XOM: harmless Erth miscast
  2658 | D:4      | Found a hazy altar of Hepliaklqana.
  2775 | D:4      | Noticed Edmund
  2818 | D:4      | XOM: fog
  2826 | D:4      | Killed Edmund
  2927 | D:4      | XOM: cloud trail
  3280 | D:5      | Entered Level 5 of the Dungeon
  3280 | D:5      | Found a blossoming altar of Fedhas.
  3329 | D:5      | Reached skill level 6 in Long Blades
  3336 | D:5      | Reached XP level 7. HP: 47/52 MP: 7/7
  3596 | D:5      | Found a blossoming altar of Fedhas.
  3629 | D:5      | Reached skill level 7 in Long Blades
  3645 | D:5      | XOM: give mutations
  3645 | D:5      | Gained mutation: You have sharp fingernails. [Xom's
                  | mischief]
  3645 | D:5      | Lost mutation: You have supernaturally acute eyesight.
                  | (SInv) [Xom's mischief]
  3645 | D:5      | Gained mutation: Scrolls take you a little longer to read.
                  | [Xom's mischief]
  3843 | D:5      | Found a staircase to the Ecumenical Temple.
  3977 | D:5      | XOM: cloud trail
  4425 | D:6      | Gained mutation: You are partially covered in large bone
                  | plates. (SH +4) [demonic ancestry]
  4425 | D:6      | Reached XP level 8. HP: 58/58 MP: 8/8
  4515 | D:6      | Found a burning altar of Makhleb.
  4571 | D:6      | Reached skill level 5 in Dodging
  4594 | D:6      | Found a glowing golden altar of the Shining One.
  4704 | D:6      | Found a sparkling altar of Nemelex Xobeh.
  4718 | D:6      | Reached skill level 8 in Long Blades
  4784 | D:6      | XOM: harmless Summ miscast
  4970 | D:7      | XOM: polymorph gnoll -> adder
  5208 | D:7      | XOM: cleaving
  5251 | D:7      | Noticed a rime drake
  5251 | D:7      | a big kobold changed into a rime drake
  5256 | D:7      | Killed a rime drake
  5256 | D:7      | Reached skill level 9 in Long Blades
  5302 | D:7      | Reached XP level 9. HP: 58/63 MP: 9/9
  5526 | D:7      | XOM: harmless Fire miscast
  5736 | D:8      | XOM: harmless Ice miscast
  5769 | D:8      | Noticed Pikel
  5774 | D:8      | XOM: silly message
  5786 | D:8      | Killed Pikel
  5786 | D:8      | Reached skill level 10 in Long Blades
  5908 | D:8      | XOM: noise
  5998 | D:8      | Noticed a two-headed ogre
  6003 | D:8      | Killed a two-headed ogre
  6023 | D:8      | Lost mutation: Scrolls take you a little longer to read.
                  | [evolution]
  6037 | D:8      | XOM: smoke on damage
  6047 | D:8      | Reached skill level 11 in Long Blades
  6094 | D:8      | XOM: divination: magic mapping
  6147 | D:8      | Mutation became permanent: You have a pair of small horns
                  | on your head. [demonic ancestry]
  6147 | D:8      | Gained mutation: You have a pair of horns on your head.
                  | [demonic ancestry]
  6147 | D:8      | Reached XP level 10. HP: 70/70 MP: 10/10
  6339 | D:9      | Found a shattered altar of Ashenzari.
  6341 | D:9      | Killed an unseen horror
  6361 | D:9      | Found Wuedetao's Weapon Boutique.
  6383 | D:9      | Found a staircase to the Orcish Mines.
  6412 | D:9      | Bought a +0 hand crossbow for 56 gold pieces
  6424 | D:9      | XOM: mild Summ miscast
  6670 | D:9      | Found a sacrificial altar of Ru.
  6672 | D:9      | XOM: medium Air miscast
  6872 | D:9      | XOM: scenery: create altars
  6894 | D:9      | Found a basalt altar of Yredelemnul.
  6914 | D:9      | Found a sacrificial altar of Ru.
  6917 | D:9      | Found an iron altar of Okawaru.
  6921 | D:9      | Lost mutation: You evolve. [end of evolution]
  7152 | D:10     | Entered Level 10 of the Dungeon
  7234 | D:10     | Found Reutaowk's Antique Armour Shoppe.
  7288 | D:10     | Found a staircase to the Lair.
  7394 | D:10     | XOM: cast spell 'Cause Fear'
  7395 | D:10     | Reached skill level 1 in Evocations
  7403 | D:10     | Reached skill level 12 in Long Blades
  7545 | D:10     | Found Ipsiseze's Armour Shop.
  7551 | D:10     | Bought a +0 cloak for 76 gold pieces
  7784 | D:10     | XOM: 8-stop teleportation journey
  7961 | Lair:1   | Entered Level 1 of the Lair of Beasts
  8006 | Lair:1   | Noticed a four-headed hydra
  8015 | Lair:1   | XOM: mild Summ miscast
  8018 | Lair:1   | Noticed a fire dragon
  8018 | Lair:1   | a four-headed hydra changed into a fire dragon
  8018 | Lair:1   | XOM: polymorph four-headed hydra -> fire dragon
  8089 | Lair:1   | XOM: 2-stop teleportation journey
  8089 | Lair:1   | Noticed an eight-headed hydra
  8116 | Lair:1   | Noticed a spiny frog
  8132 | Lair:1   | Killed a spiny frog
  8217 | Lair:1   | XOM: mild Air miscast
  8271 | Lair:1   | Reached XP level 11. HP: 75/75 MP: 13/13
  8371 | Lair:1   | XOM: harmless Ice miscast
  8384 | Lair:1   | XOM: divination: detect creatures
  8398 | Lair:1   | XOM: enchant monster (good)
  8406 | Lair:1   | XOM: cast spell 'Metabolic Englaciation'
  8486 | Lair:2   | XOM: cast spell 'Summon Ice Beast'
  8493 | Lair:2   | Mangled by a komodo dragon

Levels and vault maps discovered:
D:1:      dpeg_arrival_tiny_a, layout_loops_ring, minmay_pentomino_r2
D:2:      layout_loops_corners, grunt_temple_overflow_open,
          chequers_ecumenical_altar_simple, trog_hazing_becter
D:3:      layout_loops_ring
D:4:      layout_basic, lemuel_round_altar, first_ration, uniq_edmund
D:5:      layout_layer_cave, old_standard_altar,
          minmay_temple_entry_butterflies, fedhas_bush_and_centaur_altar
D:6:      layout_loops_ring, kennysheep_mini_moat,
          nemelex_xobeh_ov_fountains_minmay, nicolae_tso_carved_into_rock
D:7:      layout_gridville
D:8:      layout_rooms, wad_rectangle_vault, uniq_pikel
D:9:      layout_cave_pods, nicolae_overflow_hidden_temple, orc_david_3,
          basic_altar
D:10:     layout_loops_ring, lair_entry_dummy, serial_shops, nicolae_shop_trees,
          nicolae_shop_temple_entry_statues_fountains
Lair:1:   layout_regular_city, grunt_megastairs_2
Lair:2:   layout_chaotic_city, elwin_shoals_entry_stream,
          grunt_forest_small_clearings, serial_bayou_shore_a, uniq_fannar

Skill      XL: |  1  2  3  4  5  6  7  8  9 10 11 |
---------------+----------------------------------+-----
Dodging        | 1 2 3 4 6 7 8 9 |  9.0
Long Blades    | 3 4 5 6 7 9 11 12 | 12.5
Evocations     | 3 |  3.3
Fighting       | |  3.0
Armour         | |  1.7

Action                   |  1- 3 |  4- 6 |  7- 9 | 10-12 || total
-------------------------+-------+-------+-------+-------++-------
Melee: Falchion          |    78 |    72 |   267 |   242 ||   659
       Headbutt          |    12 |    18 |    55 |    67 ||   152
       Whip              |       |     3 |       |     4 ||     7
Throw: Javelin           |    15 |     9 |    21 |    36 ||    81
       Boomerang         |       |       |     1 |     3 ||     4
Evoke: Wand              |       |       |       |     4 ||     4
  Use: Scroll            |       |     8 |     2 |     3 ||    13
       Potion            |       |     2 |     3 |       ||     5
 Stab: Paralysed         |       |     5 |     3 |     4 ||    12
       Confused          |       |       |     1 |     3 ||     4
       Petrifying        |       |       |     1 |     1 ||     2
       Fleeing           |       |       |       |     1 ||     1
  Eat: Chunk             |     2 |     5 |     6 |     8 ||    21
       Ration            |       |       |     1 |       ||     1
Armor: Leather armour    |    21 |       |       |       ||    21
       Quicksilver drago |     6 |    37 |    75 |    62 ||   180
Dodge: Dodged            |    28 |    46 |   153 |   113 ||   340
Block: Other             |       |       |    27 |    34 ||    61
       Rpst.: Falchion   |     6 |     8 |    38 |    26 ||    78
